 Dungeon Crawl Stone Soup version 0.24-a0-415-g6d73c25c48 (webtiles) character file.

Game seed: 1911121297322623680

837 Azzok the Cleaver (level 8, -13/58 HPs)
             Began as a Formicid Fighter on June 6, 2019.
             Mangled by Ijyb
             ... wielding a +2 dagger of electrocution
              (16 damage)
             ... on level 4 of the Dungeon on June 7, 2019.
             The game lasted 00:05:46 (3625 turns).

Azzok the Cleaver (Formicid Fighter)                Turns: 3625, Time: 00:05:47

Health: -13/58     AC: 12    Str: 28    XL:     8   Next: 19%
Magic:  8/8        EV:  5    Int:  8    God:
Gold:   180        SH: 12    Dex: 10    Spells: 7/7 levels left

rFire    . . .     SeeInvis +   a - +0 war axe
rCold    + . .     Gourm    .   c - +0 shield
rNeg     . . .     Faith    .   h - +0 plate armour
rPois    .         Spirit   .   (helmet unavailable)
rElec    .         Reflect  +   i - +0 cloak
rCorr    .         Harm     .   (no gloves)
MR       .....                  (no boots)
Stlth    ..........             l - +2 amulet of reflection
HPRegen  0.19/turn              b - ring of protection from cold
MPRegen  0.11/turn              (no ring)

@: mighty
A: permanent stasis, dig shafts and tunnels, four strong arms, antennae 3
a: Dig, Shaft Self


You were on level 4 of the Dungeon.
You were hungry.

You visited 1 branch of the dungeon, and saw 4 of its levels.

You collected 180 gold pieces.

Inventory:

Hand Weapons
 a - a +0 war axe (weapon)
Armour
 c - a +0 shield (worn)
 h - a +0 plate armour (worn)
 i - a +0 cloak (worn)
Jewellery
 b - a ring of protection from cold (left hand)
 l - a +2 amulet of reflection (around neck)
Scrolls
 d - a scroll of enchant weapon {unknown}
 e - 4 scrolls of identify
 k - a scroll of amnesia {unknown}
 m - a scroll of magic mapping {unknown}
 p - 2 scrolls of teleportation {unknown}
Potions
 g - a potion of berserk rage {unknown}
 j - a potion of resistance {unknown}
 n - a potion of flight {unknown}
 r - a potion of haste {unknown}
 s - 3 potions of brilliance {unknown}
Comestibles
 f - 4 rations
 o - 5 chunks of flesh


   Skills:
 - Level 3.2 Fighting
 + Level 9.0 Axes
 - Level 3.2 Armour
 - Level 3.6 Shields


You had 7 spell levels left.
You didn't know any spells.
Your spell library was empty.

Dungeon Overview and Level Annotations

Branches:
Dungeon (4/15)
 Temple: D:4-7

Altars:

Annotations:
D:4 Ijyb


Innate Abilities, Weirdness & Mutations

You cannot be hasted, slowed, berserked, paralysed or teleported.
You can dig through walls and to a lower floor.
Your four strong arms can wield two-handed weapons with a shield.
You have a pair of large antennae on your head. (SInv)


Message History

Your plate armour prevents you from hitting Ijyb.
Ijyb is heavily wounded.
You slash the hound!
You kill the hound!
Your Axes skill increases to level 9!
Ijyb hits you but does no damage.
You are electrocuted!!
* * * LOW HITPOINT WARNING * * *
You hit Ijyb but do no damage.
Ijyb is heavily wounded.
Ijyb hits you but does no damage.
You are electrocuted!
* * * LOW HITPOINT WARNING * * *
Your shield and plate armour prevent you from hitting Ijyb.
Ijyb is heavily wounded.
You block Ijyb's attack. Ijyb barely misses you.
You hit Ijyb.
Ijyb is heavily wounded.
You block Ijyb's attack.
You feel very mighty all of a sudden. Ijyb hits you but does no damage.
You are electrocuted!
You die...

▒▒▒▒▒▒ ▒▒▒▒▒
▒▒▒▒▒▒▒▒▒▒▒▒▒···▒·
·····▒▒··········▒▒···▒·
······'··········▒▒···▒·
······▒··········▒▒···▒·
························
▒·····················
▒···†·················
╬···g@········▒▒▒▒····
▒·············▒ ▒····
▒·············▒ ▒····
▒·············▒ ▒···▒
▒·············▒ ▒····
▒▒▒▒▒▒▒▒▒▒▒▒··▒▒▒▒···· {
·······[··· ·········÷·
·········▒·


You could see Ijyb.

Vanquished Creatures
  Sigmund (D:2)
  2 ogres
  2 howler monkeys (D:4)
  A hound (D:4)
  2 orc priests
  Terence (D:2)
  An iguana (D:4)
  Natasha (thrice) (D:4)
  A worker ant (D:3)
  A howler monkey skeleton (D:4)
  5 adders
  2 adder skeletons (D:4)
  3 worms
  6 dart slugs
  6 orcs
  A ball python (D:1)
  A giant cockroach (D:3)
  12 goblins
  9 hobgoblins
  13 jackals
  11 kobolds
  12 bats
  4 frilled lizards
  7 rats
107 creatures vanquished.

Vanquished Creatures (others)
  An orc wizard (D:4)
1 creature vanquished.

Grand Total: 108 creatures vanquished

Notes
Turn   | Place    | Note
-------+----------+-------------------------------------------
     0 | D:1      | Azzok the Formicid Fighter began the quest for the Orb.
     0 | D:1      | Reached XP level 1. HP: 18/18 MP: 1/1
    16 | D:1      | You fall into a shaft and drop 1 floor!
    20 | D:2      | Noticed Sigmund
    46 | D:1      | Reached XP level 2. HP: 13/24 MP: 2/2
   195 | D:1      | Reached skill level 3 in Axes
   369 | D:1      | Reached XP level 3. HP: 26/29 MP: 3/3
  1077 | D:2      | Reached skill level 4 in Axes
  1077 | D:2      | Reached XP level 4. HP: 35/35 MP: 4/4
  1199 | D:2      | Killed Sigmund
  1199 | D:2      | Reached skill level 5 in Axes
  1199 | D:2      | Reached XP level 5. HP: 11/41 MP: 5/5
  1199 | D:2      | Reached XP level 6. HP: 12/47 MP: 6/6
  1659 | D:2      | Reached skill level 6 in Axes
  1835 | D:2      | Noticed an ogre
  1836 | D:2      | Noticed Terence
  1841 | D:2      | Killed an ogre
  1847 | D:2      | Killed Terence
  2141 | D:3      | Reached XP level 7. HP: 42/52 MP: 7/7
  2266 | D:3      | Reached skill level 7 in Axes
  2920 | D:4      | Noticed Natasha
  2927 | D:4      | Killed Natasha
  3095 | D:4      | Reached skill level 8 in Axes
  3271 | D:4      | Noticed Natasha
  3277 | D:4      | Killed Natasha
  3277 | D:4      | Reached XP level 8. HP: 48/58 MP: 8/8
  3364 | D:4      | Upgraded the game from 0.24-a0-412-ge138f7edaf to
                  | 0.24-a0-415-g6d73c25c48
  3370 | D:4      | Noticed Natasha
  3386 | D:4      | Killed Natasha
  3610 | D:4      | Noticed Ijyb
  3621 | D:4      | Reached skill level 9 in Axes
  3622 | D:4      | HP: 2/58 [Ijyb/+2 dagger of electrocution (15)]
  3625 | D:4      | Mangled by Ijyb

Levels and vault maps discovered:
D:1:      dpeg_arrival_castle, layout_basic, minmay_misc_feat_room
D:2:      layout_loops_ring, first_ration, uniq_terence, uniq_sigmund
D:3:      layout_loops_cross
D:4:      layout_basic, cheibriados_altar_1, minmay_misc_feat_pillars,
          uniq_natasha, uniq_ijyb

Skill      XL: |  1  2  3  4  5  6  7  8 |
---------------+-------------------------+-----
Axes           | 3 4 5 6 8 9 |  9.0
Fighting       | |  3.2
Armour         | |  3.2
Shields        | |  3.6

Action                   |  1- 3 |  4- 6 |  7- 9 || total
-------------------------+-------+-------+-------++-------
Melee: War axe           |   142 |   106 |   163 ||   411
  Use: Scroll            |       |     1 |       ||     1
       Potion            |       |     1 |     1 ||     2
  Eat: Chunk             |     1 |     3 |     5 ||     9
Armor: Scale mail        |    17 |       |       ||    17
       Plate armour      |    70 |    53 |   101 ||   224
Dodge: Dodged            |    33 |    22 |    33 ||    88
Block: Shield            |    81 |    52 |   114 ||   247
       Reflection        |       |     3 |     3 ||     6

Table legend:
 A = Non-vault XP
 B = Vault XP
 C = Vault XP percentage of total XP
 D = Non-vault monster count
 E = Vault monster count
 F = Vault count percentage of total count
                 A         B        C        D         E       F
            +---------+---------+-------+---------+---------+-------
      Total |     914 |     283 |  23.6 |     105 |       3 |   2.8
            +---------+---------+-------+---------+---------+-------
        D:1 |      65 |       0 |   0.0 |      32 |       0 |   0.0
        D:2 |     149 |     248 |  62.5 |      15 |       2 |  11.8
        D:3 |     150 |       0 |   0.0 |      34 |       0 |   0.0
        D:4 |     550 |      35 |   6.0 |      24 |       1 |   4.0
            +---------+---------+-------+---------+---------+-------
